 Dungeon Crawl Stone Soup version 0.28.0-53-g5a82cb258f (webtiles) character file.

Game seed: 5534382690899025072

1 lilliandrift the Grasshopper (level 1, 0/9 HPs)
             Began as a Felid Warper on June 21, 2022.
             Constricted to death by a ball python (1 damage)
             ... on level 1 of the Dungeon.
             The game lasted 00:00:43 (103 turns).

lilliandrift the Grasshopper (Felid Warper)          Turns: 103, Time: 00:00:44

Health: 0/9        AC:  1    Str:  7    XL:     1   Next: 16%
Magic:  4/4        EV: 14    Int: 14    God:
Gold:   0          SH:  0    Dex: 15    Spells: 4/4 levels left
                                        Lives:  0   Deaths: 0

rFire   . . .      SeeInvis +     - Unarmed
rCold   . . .      Faith    .   (shield unavailable)
rNeg    . . .      Spirit   .   (armour unavailable)
rPois   .          Reflect  .   (helmet unavailable)
rElec   .          Harm     .   (cloak unavailable)
rCorr   .          Rampage  .   (gloves unavailable)
Will    .....                   (boots unavailable)
Stlth   +.........              (no amulet)
HPRegen 0.03/turn               (no ring)
MPRegen 0.09/turn               (no ring)

@: constricted, quick
A: very small, claws 1, fangs 3, see invisible, speed 1, shaggy fur 1, stealthy
paws, no weapons or thrown items, no armour, multi-lived
a: no special abilities


You were on level 1 of the Dungeon.
You visited 1 branch of the dungeon, and saw 1 of its levels.

Inventory:

Scrolls
 a - a scroll of blinking


   Skills:
 + Level 2.0 Fighting
 + Level 3.2 Dodging
 + Level 2.0 Unarmed Combat
 + Level 2.0 Spellcasting
 + Level 4.4 Translocations


You had 4 spell levels left.
You didn't know any spells.
Your spell library contained the following spells:

 Spells                   Type           Power      Damage    Failure   Level
 Blink                    Tloc           26%        N/A       6%          2
 Gell's Gravitas          Tloc           13%        N/A       12%         3
 Lesser Beckoning         Tloc           13%        N/A       12%         3
 Teleport Other           Tloc           13%        N/A       12%         3
 Manifold Assault         Tloc           13%        N/A       71%         5


Dungeon Overview and Level Annotations

Branches:
Dungeon (1/15)

Altars:


Innate Abilities, Weirdness & Mutations

You have sharp claws.
You have razor-sharp teeth.
You have supernaturally acute eyesight. (SInv)
You cover ground quickly. (Speed+)
You are covered in fur. (AC +1)
Your paws help you pounce on unaware monsters.
You are incapable of wielding weapons or throwing items.
You cannot wear armour.
You gain extra lives every three experience levels.


Message History

A hobgoblin comes into view.
The hobgoblin shouts!
The hobgoblin closely misses you. The hobgoblin misses you.
You barely miss the ball python. The hobgoblin closely misses you.
The ball python closely misses you. The ball python barely misses you.
There are monsters nearby!
There are monsters nearby!
Found a bubbling silvery potion.
The ball python bites you. The ball python misses you.
There are monsters nearby!
There are monsters nearby!
There are monsters nearby!
There are monsters nearby!
The ball python bites you. The ball python grabs you.
The ball python constricts you.
You escape the ball python's grasp.
The ball python misses you. The ball python completely misses you.
An endoplasm comes into view.
The ball python misses you. The ball python grabs you.
The ball python constricts you.
The endoplasm quivers.
You scratch the endoplasm.
The endoplasm is almost dead.
The endoplasm completely misses you.
The ball python bites you but does no damage.
The ball python constricts you.
You scratch the endoplasm.
You kill the endoplasm!
The ball python barely misses you. The ball python constricts you.
* * * LOW HITPOINT WARNING * * *
You escape the ball python's grasp.
The ball python closely misses you. The ball python completely misses you.
You scratch the ball python but do no damage.
The ball python closely misses you. The ball python barely misses you.
You closely miss the ball python. The ball python barely misses you.
The ball python closely misses you. The ball python bites you.
* * * LOW HITPOINT WARNING * * *
The ball python grabs you. The ball python constricts you.
You die...

#.#.........#
#.#.........#
....#...#####
#.#.#.#.#.#####
#!.............
#.#.###...#####
#.......#
############..##
#......JgS@...#
#.##########.##
#.# #.J.gJ.# #J#
#g###### #.# #.#
#.#####.#
#...gJ..#
#########


You could see an endoplasm, a hobgoblin and a ball python.

Vanquished Creatures
  An endoplasm (D:1)
1 creature vanquished.

Notes
Turn   | Place    | Note
-------+----------+-------------------------------------------
     0 | D:1      | lilliandrift the Felid Warper began the quest for the Orb.
     0 | D:1      | Reached XP level 1. HP: 9/9 MP: 4/4
   103 | D:1      | Constricted to death by a ball python

Illustrated notes

Levels and vault maps discovered:
D:1:      minmay_arrival_semitransparent, layout_basic,
          nicolae_ecumenical_snake_handling

Action                   || total
-------------------------++-------
Melee: Unarmed           ||     5
Armor: Skin              ||     2
Dodge: Dodged            ||    20
